 Dungeon Crawl Stone Soup version 0.17.0-56-gd8de76c (webtiles) character file.

387 sugabear the Cudgeler (level 6, 0/38 HPs)
             Began as a Gargoyle Gladiator on Dec 5, 2015.
             Slain by a slave (6 damage)
             ... led by Pikel
             ... on level 3 of the Dungeon.
             The game lasted 00:06:45 (4940 turns).

sugabear the Cudgeler (Gargoyle Gladiator)          Turns: 4940, Time: 00:06:45

Health: 0/38       AC:  8    Str: 18    XL:     6   Next: 78%
Magic:  6/6        EV: 13    Int: 10    God:
Gold:   109        SH:  0    Dex: 11    Spells: 0 memorised, 5 levels left

rFire  . . .     SeeInvis .     a - +0 flail
rCold  . . .     Clarity  .     b - +0 leather armour
rNeg   + . .     SustAt   .     (no shield)
rPois  ∞         Gourm    .     c - +0 helmet
rElec  +         Spirit   .     (no cloak)
rCorr  .         Warding  .     (no gloves)
rMut   .         Stasis   .     (no boots)
MR     .....                    (no amulet)
Stlth  +.........               (no ring)
                                y - ring of invisibility

@: not resistant to hostile enchantments, very unstealthy
A: negative energy resistance 1, electricity resistance, unbreathing,
petrification resistance, rot immunity, AC +4
a: Evoke Invisibility


You were on level 3 of the Dungeon.
You were hungry.

You visited 1 branch of the dungeon, and saw 4 of its levels.

You collected 109 gold pieces.

Inventory:

Hand Weapons
 a - a +0 flail (weapon)
Missiles
 d - 3 throwing nets (quivered)
Armour
 b - a +0 leather armour (worn)
 c - a +0 helmet (worn)
Jewellery
 y - a ring of invisibility (left hand)
Wands
 r - a wand of random effects (11)
 z - a wand of lightning (0)
Scrolls
 f - 3 scrolls of identify {unknown}
 j - 5 scrolls of remove curse
 k - a scroll of blinking {unknown}
 l - a scroll of enchant weapon {unknown}
 m - a scroll of amnesia {unknown}
 o - a scroll of noise {unknown}
 t - a scroll of fear {unknown}
 u - 2 scrolls of magic mapping {unknown}
 v - a scroll of teleportation {unknown}
Potions
 g - a potion of cancellation {unknown}
 h - 4 potions of agility {unknown}
 n - a potion of flight {unknown}
 p - 2 potions of degeneration {unknown}
 w - a potion of invisibility {unknown}
 x - a potion of poison {unknown}
 A - a potion of curing {unknown}
Comestibles
 e - 3 bread rations
 i - 2 fruits
 q - a meat ration


   Skills:
 + Level 4.0 Fighting
 + Level 4.3 Maces & Flails
 + Level 1.9 Throwing
 + Level 2.5 Armour
 + Level 3.9 Dodging
 + Level 1.6 Stealth
 + Level 0.3 Evocations


You had 5 spell levels left.
You didn't know any spells.

Dungeon Overview and Level Annotations

Branches:
Dungeon (4/15)
 Temple: D:4-7

Altars:
The Shining One


Innate Abilities, Weirdness & Mutations

You are resistant to torment.
Your stone body is resilient (AC +4).
You are immune to poison.
You resist negative energy.
You are resistant to electric shocks.
You can survive without breathing.
You are immune to petrification.
You are immune to rotting.


Message History

The slave is almost dead.
The slave hits you!
* * * LOW HITPOINT WARNING * * *
The slave hits you but does no damage.
You are too injured to fight recklessly!
You are too injured to fight recklessly!
You are too injured to fight recklessly!
You closely miss the slave.
The slave is almost dead.
The slave closely misses you.
You closely miss the slave.
The slave is almost dead.
The slave barely misses you.
You barely miss the slave.
The slave is almost dead.
The slave barely misses you.
You miss the slave.
The slave is almost dead.
The slave hits you.
You die...

## ####### .# #.....#
.#####.....## ###
............## ##.##
.#####.......#######.#.##
.### #...[.#...p@...###.#
...#
#.##.>..#######.#.### #
.#.# #.##.#.## #.......#
# .#.# #.##.#.# #.#####.#
# .#.# #....#)# #.# #.#
.#.# ######'## #.# #.#
.#.# ##...## #.# #.# ##
.#.# ##....(## #.#####.#
##. ...#
##......)###.......# #..


You could see a slave.

Vanquished Creatures
  3 slaves (D:3)
  A jelly (D:3)
  Ijyb (D:2)
  An orc wizard (D:3)
  A giant frog skeleton (D:4)
  Jessica (D:3)
  An iguana (D:4)
  A hound zombie (D:3)
  3 gnolls (D:3)
  9 adders
  An ooze (D:1)
  A worm (D:2)
  A giant gecko (D:1)
  2 orcs (D:3)
  7 bats
  6 giant cockroaches
  5 hobgoblins
  8 kobolds
  A quokka (D:3)
  10 ball pythons
  3 giant newts
  6 goblins
  11 rats
84 creatures vanquished.

Notes
Turn   | Place    | Note
--------------------------------------------------------------
     0 | D:1      | sugabear the Gargoyle Gladiator began the quest for the Orb.
     0 | D:1      | Reached XP level 1. HP: 12/12 MP: 1/1
    76 | D:1      | Reached XP level 2. HP: 11/17 MP: 2/2
   869 | D:1      | You fall through a shaft!
   992 | D:2      | Reached XP level 3. HP: 20/22 MP: 3/3
  1186 | D:2      | Noticed Ijyb
  1203 | D:2      | Killed Ijyb
  1203 | D:2      | Reached XP level 4. HP: 24/27 MP: 4/4
  1281 | D:2      | Reached skill level 1 in Armour
  1730 | D:2      | Found a glowing golden altar of the Shining One.
  2264 | D:3      | Noticed Jessica
  2284 | D:3      | Killed Jessica
  2284 | D:3      | Reached XP level 5. HP: 14/32 MP: 5/5
  2774 | D:3      | Reached skill level 4 in Maces & Flails
  2788 | D:3      | Reached skill level 1 in Stealth
  3329 | D:3      | Reached XP level 6. HP: 2/38 MP: 4/6
  4459 | D:4      | Noticed a slave
  4459 | D:4      | Noticed a slave
  4460 | D:4      | Noticed a slave
  4460 | D:4      | Noticed a slave
  4496 | D:3      | Killed a slave
  4923 | D:3      | Killed a slave
  4927 | D:3      | Killed a slave
  4940 | D:3      | Slain by a slave

Action                   |  1- 3 |  4- 6 || total
-------------------------+-------+-------++-------
Melee: Flail             |    79 |   265 ||   344
 Abil: Evoke Invisibilit |       |     3 ||     3
Evoke: Wand              |       |     6 ||     6
  Use: Scroll            |       |     1 ||     1
 Stab: Sleeping          |       |     4 ||     4
       Invisible         |       |     4 ||     4
       Distracted        |       |     1 ||     1
  Eat: Chunk             |     1 |    11 ||    12
       Royal jelly       |       |     1 ||     1
